 Dungeon Crawl Stone Soup version 0.32-a0-361-g289a535e89 (webtiles) character file.

Game seed: 9633093282731458481

198 promet the Sneak (level 5, -1/36 (41) HPs)
             Began as a Coglin Brigand on Feb 19, 2024.
             Slain by a phantom (4 damage)
             ... on level 4 of the Dungeon.
             The game lasted 00:18:30 (2911 turns).

promet the Sneak (Coglin Brigand)                   Turns: 2911, Time: 00:18:31

HP:   -1/36 (41)    AC:  5    Str: 13    XL:     5   Next: 77%
MP:   5/5           EV: 12    Int: 10    God:
Gold: 206           SH:  0    Dex: 16    Spells: 4/4 levels left

rFire   + . .        a - +2 dagger {Hisao}
rCold   + . .        l - +2 dagger (venom) {Hachiro}
rNeg    . . .        g - +0 robe
rPois   .            (no helmet)
rElec   .            k - +0 cloak
rCorr   .            (no gloves)
SInv    .            q - +1 pair of boots
Will    .....        (no amulet)
Stlth   +++          n - ring of protection from cold
HPRegen 0.26/turn    w - ring of protection from fire
MPRegen 0.09/turn

%: no passive effects
@: hasted, heavily drained, revved, stiff-legged, very slow
A: off-hand wielding, slow wielding, warmup strikes, warmup strides
a: no special abilities


You were on level 4 of the Dungeon.
You visited 1 branch of the dungeon, and saw 4 of its levels.

You collected 206 gold pieces.

Inventory:

Hand Weapons
 a - a +2 dagger (weapon) {Hisao}
 b - a +0 sling {Harkiran}
 c - a +0 short sword {Dunstan}
 l - a +2 dagger of venom (worn) {Hachiro}
Missiles
 d - 23 poisoned darts
 e - 3 curare-tipped darts
 f - 39 stones
 o - 5 atropa-tipped darts
 y - 2 boomerangs (quivered)
Armour
 g - a +0 robe (worn)
 k - a +0 cloak (worn)
 q - a +1 pair of boots (worn)
Jewellery
 n - a ring of protection from cold (left grasper)
 w - a ring of protection from fire (right grasper)
 x - a ring of resist corrosion
 z - a +4 ring of protection
Scrolls
 p - a scroll of revelation {unknown}
 s - a scroll of enchant weapon {unknown}
 t - 3 scrolls of identify {unknown}
 u - a scroll of blinking {unknown}
Potions
 h - a potion of ambrosia {unknown}
 i - a potion of haste
 j - a potion of brilliance {unknown}
 m - a potion of enlightenment {unknown}
 v - a potion of heal wounds {unknown}
 A - a potion of berserk rage {unknown}
 B - a potion of lignification {unknown}


   Skills:
 * Level 3.3 Fighting
 + Level 2.6 Short Blades
 + Level 2.1 Throwing
 + Level 1.4 Dodging
 + Level 4.7 Stealth


You had 4 spell levels left.
You didn't know any spells.
Your spell library was empty.

Dungeon Overview and Level Annotations

Branches:
Dungeon (4/15)
 Temple: D:4-7

Altars:


Innate Abilities, Weirdness & Mutations

You can wield a second weapon in your off-hand.
It takes a long time for you to wield or remove held weapons.
Your first few attacks do less damage.
Your first movements take longer.


Message History

The phantom hits you but does no damage.
The adder hisses angrily.
You hit the phantom with your +2 dagger of venom.
The phantom is heavily damaged.
You hit the phantom with your +2 dagger.
The wight misses you. The phantom barely misses you.
You hit the phantom but do no damage.
The phantom is heavily damaged.
You hit the phantom with your +2 dagger.
You barely miss the wight with your +2 dagger.
You closely miss the wight with your +2 dagger of venom.
The phantom barely misses you.
The wight hits you with a +3 long sword.
You feel drained.
You hit the phantom with your +2 dagger.
The phantom is severely damaged.
You completely miss the phantom with your +2 dagger of venom.
You hit the wight but do no damage.
You closely miss the wight with your +2 dagger.
The wight hits you with a +3 long sword!
You feel drained. The phantom barely misses you.
You barely miss the phantom with your +2 dagger.
The phantom is severely damaged.
You barely miss the phantom with your +2 dagger of venom.
Okay, then.
You hit the phantom with your +2 dagger.
The phantom is severely damaged.
You hit the phantom but do no damage.
The wight hits you with a +3 long sword!
* * * LOW HITPOINT WARNING * * *
You feel drained.
* * * LOW HITPOINT WARNING * * *
The phantom closely misses you.
The air fills with toxic fumes!
As you read the scroll labelled LUXKOA UPRA, it crumbles to dust.
It was a scroll of poison.
You closely miss the phantom with your +2 dagger.
The phantom is severely damaged.
You hit the phantom but do no damage. The phantom hits you.
You die...

##.. .. #... #. #
#..# #.. #.###..#
... ..§§.. ..#
##§§#####
#O###.#§§§§§###
#§#.#.#§§S§W§#
#?#.##§§§z@§#
#%#$###§§§§§§#
#.#!#.##§§§§§§###
#.#.#
#.#§§§§§§§...
..#.#
#§§§§§######
....# #§§§§§§#
..... ...§§####§#
##.. ...§# #§# ##
#### .#


You could see a phantom, a wight and an adder.

Vanquished Creatures
  A scorpion (D:4)
  5 adders
  A ribbon worm (D:2)
  2 dart slugs (D:1)
  A ball python (D:1)
  4 bats
  5 endoplasms
  2 giant cockroaches
  5 goblins
  9 hobgoblins
  2 jackals (D:1)
  3 quokkas (D:3)
  2 frilled lizards
  6 kobolds
  5 rats
53 creatures vanquished.

Notes
Turn   | Place    | Note
-------+----------+-------------------------------------------
     0 | D:1      | promet the Coglin Brigand began the quest for the Orb.
     0 | D:1      | Reached XP level 1. HP: 16/16 MP: 1/1
    88 | D:1      | Reached XP level 2. HP: 16/22 MP: 2/2
   196 | D:1      | Reached XP level 3. HP: 3/27 MP: 3/3
   476 | D:1      | Reached skill level 4 in Stealth
   585 | D:1      | Reached skill level 1 in Dodging
  1158 | D:2      | Reached XP level 4. HP: 34/34 MP: 4/4
  2007 | D:3      | Reached XP level 5. HP: 41/41 MP: 5/5
  2887 | D:4      | Noticed an ogre
  2887 | D:4      | Noticed a phantom
  2911 | D:4      | Slain by a phantom

Illustrated notes

Levels and vault maps discovered:
D:1:      scummos_arrival_simple_crosswalls, layout_basic
D:2:      layout_loops_ring, hex_tiny, minivault_24
D:3:      layout_basic, minivault_5, minmay_misc_feat_square,
          kennysheep_flooded_box, minmay_misc_feat_room
D:4:      layout_loops_corners, minmay_temple_entry_stoned_glass,
          nicolae_concentric_dashed_squares_wild, minmay_circle_x

Skill      XL: |  1  2  3  4 |
---------------+-------------+-----
Throwing       | 2 |  2.1
Stealth        | 4 |  4.7
Dodging        | 1 |  1.4
Short Blades   | 2 |  2.6
Fighting       | 3 |  3.3

Action                     |  1- 3 |  4- 6 || total
---------------------------+-------+-------++-------
  Melee: Dagger            |   100 |   112 ||   212
         Sling             |    10 |       ||    10
         Short sword       |     4 |       ||     4
  Throw: Dart              |     2 |       ||     2
         Boomerang         |       |     3 ||     3
    Use: Scroll            |     2 |     1 ||     3
         Potion            |       |     2 ||     2
   Stab: Sleeping          |     8 |     6 ||    14
 Armour: Robe              |    35 |    38 ||    73
  Dodge: Dodged            |    38 |    31 ||    69

Table legend: (Time is in decaauts)
 A = Elapsed time spent in this place.
 B = Non-inter-level travel time spent in this place.
 C = Inter-level travel time spent in this place.
 D = Time resting spent in this place.
 E = Time spent auto-exploring this place.
 F = Levels seen in this place.
 G = Mean time per level.
                   A        B        C        D        E       F      G
               +--------+--------+--------+--------+--------+-----+--------+
         Total |   3006 |   3006 |      0 |    469 |    810 |   4 |  751.5 |
       Dungeon |   3006 |   3006 |      0 |    469 |    810 |   4 |  751.5 |
               +--------+--------+--------+--------+--------+-----+--------+

Top non-repeatable levels by time:
     D:1: 1096 daAuts
     D:2: 929 daAuts
     D:3: 904 daAuts
     D:4: 76 daAuts
